 Dungeon Crawl Stone Soup version 0.30-a0-924-g0ad0bf95bc (webtiles) character file.

Game seed: 2150469893266002793

311035 ICEMaiden the Fighter (level 21, -10/127 (133) HPs)
             Began as a Gargoyle Earth Elementalist on Mar 11, 2023.
             Was an Elder of Sif Muna.
             Killed from afar by a crystal guardian (40 damage)
             ... with a crystal bolt
             ... in the Desolation of Salt on Mar 22, 2023.
             The game lasted 04:55:06 (60982 turns).

ICEMaiden the Fighter (GrEE)                       Turns: 60982, Time: 04:55:07

HP:   -10/127 (133) AC: 33    Str: 13      XL:     21   Next: 27%
MP:   11/43         EV: 20    Int: 25      God:    Sif Muna [****..]
Gold: 2255          SH: 16    Dex: 14 (15) Spells: 2/38 levels left

rFire   + . .      SeeInvis .    a - +6 demon whip (freeze)
rCold   x . .      Faith    .    J - +0 kite shield
rNeg    + . .      Spirit   .    e - +4 troll leather armour
rPois   ∞          Reflect  +    w - +2 hat
rElec   +          Rampage  +    L - scarf {repulsion}
rCorr   .                        c - +2 pair of gloves {Dex+3}
Will    .....                    p - +2 pair of boots {rampage}
Stlth   +++++                    Y - amulet of reflection
HPRegen 1.21/turn                y - +5 ring of evasion
MPRegen 0.28/turn                T - ring of Perfectionism {Fire rPois Will- MP+9 Int+3}

@: channelling, on blink cooldown, flying, lightly drained, repel missiles
A: sickness immunity, AC +16, big wings, negative energy resistance 1,
electricity resistance, torment resistance 1, petrification resistance,
deterioration 1, dopey 1
}: 2/15 runes: decaying, gossamer
a: Renounce Religion, Channel Magic, Forget Spell, Divine Exegesis


You were in the Desolation of Salt.
You worshipped Sif Muna.
Sif Muna was greatly pleased with you.
You visited 8 branches of the dungeon, and saw 36 of its levels.
You visited the Abyss 1 time.
You also visited: Sewer, Volcano and Desolation.

You collected 3814 gold pieces.
You spent 1559 gold pieces at shops.

Inventory:

Hand Weapons
 a - a +6 demon whip of freezing (weapon)
Armour
 c - a +2 pair of gloves of dexterity (worn)
 e - a +4 troll leather armour (worn)
 p - a +2 pair of boots of rampaging (worn)
 w - a +2 hat (worn)
 J - a +0 kite shield (worn)
 L - a scarf of repulsion (worn)
 M - a +2 cloak of preservation
Magical Staves
 b - a staff of earth
 q - a staff of fire
Jewellery
 l - the ring "Push" {MP+9 Int+2}
   (You found it on level 2 of the Dungeon)

   [ring of magical power]

   Int:       It affects your intelligence (+2).
   MP:        It affects your magic capacity (+9).
 n - a ring of protection from cold
 x - the ring "Ummeg" {rElec rF+ rC+ Dex+6}
   (You found it in the Desolation of Salt)

   [ring of dexterity]

   Dex:       It affects your dexterity (+6).
   rF:        It protects you from fire.
   rC:        It protects you from cold.
   rElec:     It insulates you from electricity.
 y - a +5 ring of evasion (left hand)
 K - a +4 ring of slaying
 P - a ring of positive energy
 T - the ring of Perfectionism (right hand) {Fire rPois Will- MP+9 Int+3}
   (You found it on level 2 of the Lair of Beasts)

   [ring of fire]

   It enhances your fire magic.
   Int:       It affects your intelligence (+3).
   rF:        It protects you from fire.
   rC:        It makes you vulnerable to cold.
   rPois:     It protects you from poison.
   MP:        It affects your magic capacity (+9).
   Will:      It decreases your willpower.
 U - a ring of willpower
 Y - an amulet of reflection (around neck)
Wands
 j - a wand of charming (16)
 m - a wand of polymorph (12)
 t - a wand of digging (9)
 D - a wand of mindburst (15)
 N - a wand of iceblast (8)
 V - a wand of flame (56)
Scrolls
 g - 12 scrolls of teleportation
 s - a scroll of identify
 B - 2 scrolls of poison
 C - 9 scrolls of vulnerability
 F - a scroll of amnesia
 O - a scroll of brand weapon
 R - 4 scrolls of fog
 W - a scroll of torment
 Z - 5 scrolls of immolation
Potions
 d - 9 potions of mutation
 f - 11 potions of haste
 h - 2 potions of magic
 i - 7 potions of might
 k - a potion of berserk rage
 o - 6 potions of ambrosia
 r - 7 potions of curing
 u - 6 potions of brilliance
 v - 3 potions of cancellation
 A - 8 potions of heal wounds
 E - 4 potions of resistance
 G - 3 potions of invisibility
Miscellaneous
 z - a box of beasts (inert)
 Q - a condenser vane
 S - a lightning rod (2/4)


   Skills:
 * Level 14.9 Fighting
 - Level 12.0 Maces & Flails
 - Level 6.3 Armour
 + Level 10.5 Dodging
 + Level 11.8 Stealth
 - Level 9.3 Shields
 + Level 9.3 Spellcasting
 + Level 11.3 Conjurations
 + Level 6.5 Summonings
 + Level 5.9 Necromancy
 - Level 6.0 Translocations
 - Level 5.0 Transmutations
 - Level 8.0 Fire Magic
 * Level 7.3 Ice Magic
 - Level 5.0 Air Magic
 + Level 13.3 Earth Magic
 - Level 5.0 Poison Magic
 + Level 10.9 Invocations
 - Level 7.0 Evocations


You had 2 spell levels left.
You knew the following spells:

 Your Spells              Type           Power      Damage    Failure   Level
a - Stone Arrow           Conj/Erth      100%       3d13      1%          3
c - Mephitic Cloud        Conj/Pois/Air  47%        N/A       2%          3
d - Dispel Undead         Necr           41%        3d16      13%         4
l - Iskenderun's Battles  Conj           62%        2d11      4%          5
p - Swiftness             Air            36%        N/A       6%          3
q - Call Canine Familiar  Summ           44%        N/A       3%          3
r - Frozen Ramparts       Ice            96%        1d15      2%          3
s - Fireball              Conj/Fire      37%        3d15      8%          5
w - Ozocubu's Armour      Ice            48%        N/A       2%          3
z - Blink                 Tloc           82%        N/A       1%          2
Z - Passwall              Tmut/Erth      45%        N/A       1%          2

Your spell library contained the following spells:

 Spells                   Type           Power      Damage    Failure   Level
 Foxfire                  Conj/Fire      100%       2x1d9     1%          1
 Kiss of Death            Conj/Necr      100%       2d13      1%          1
 Magic Dart               Conj           100%       1d8       1%          1
 Sandblast                Erth           100%       2d20      1%          1
 Lesser Beckoning         Tloc           82%        N/A       1%          2
 Momentum Strike          Conj/Tloc      100%       3d10      1%          2
 Searing Ray              Conj           100%       2d8       1%          2
 Poisonous Vapours        Pois/Air       72%        N/A       3%          2
 Ensorcelled Hibernation  Hex/Ice        60%        N/A       4%          2
 Slow                     Hex            44%        N/A       16%         1
 Hailstorm                Conj/Ice       55%        3d12      1%          3
 Flame Wave               Conj/Fire      74%        2d16      2%          4
 Sticky Flame             Conj/Fire      74%        2d9       2%          4
 Gell's Gravitas          Tloc           41%        N/A       3%          3
 Kindle Blastsparks       Fire/Tloc/Air  100%       2d18      3%          3
 Teleport Other           Tloc           41%        N/A       3%          3
 Petrify                  Tmut/Erth      55%        N/A       3%          4
 Dazzling Flash           Conj/Hex       80%        N/A       4%          3
 Vampiric Draining        Necr           41%        2d8       4%          3
 Iskenderun's Mystic Bla  Conj/Tloc      53%        2d11      4%          4
 Spider Form              Tmut/Pois      36%        N/A       6%          3
 Inner Flame              Hex/Fire       47%        N/A       9%          3
 Summon Ice Beast         Ice/Summ       46%        N/A       9%          4
 Ice Form                 Ice/Tmut       42%        N/A       12%         4
 Manifold Assault         Tloc           41%        N/A       13%         4
 Fulminant Prism          Conj/Hex       20%        3d12      14%         4
 Summon Lightning Spire   Summ/Air       40%        N/A       14%         4
 Arcjolt                  Conj/Air       25%        1d35      14%         5
 Irradiate                Conj/Tmut      25%        3d20      14%         5
 Iron Shot                Conj/Erth      32%        9d7       14%         6
 Plasma Beam              Fire/Air       30%        2x1d47    28%         5
 Summon Forest            Summ/Tloc      21%        N/A       32%         5
 Agony                    Necr           41%        N/A       36%         5
 Confusing Touch          Hex            11%        N/A       41%         3
 Anguish                  Hex/Necr       13%        N/A       41%         4
 Starburst                Conj/Fire      37%        6d11      41%         6
 Blade Hands              Tmut           18%        N/A       47%         5
 Conjure Ball Lightning   Conj/Air       25%        3x3d7     63%         6
 Metabolic Englaciation   Hex/Ice        15%        N/A       67%         5
 Summon Mana Viper        Hex/Summ       28%        N/A       73%         5
 Cause Fear               Hex            5%         N/A       83%         4
 Simulacrum               Ice/Necr       22%        N/A       83%         6
 Summon Cactus Giant      Summ           22%        N/A       83%         6
 Spellforged Servitor     Conj/Summ      27%        N/A       97%         7
 Dragon Form              Tmut           18%        N/A       100%        7
 Malign Gateway           Summ/Tloc      21%        N/A       100%        7
 Monstrous Menagerie      Summ           22%        N/A       100%        7
 Storm Form               Tmut/Air       18%        N/A       100%        7
 Summon Hydra             Summ           22%        N/A       100%        7
 Discord                  Hex            5%         N/A       100%        8
 Disjunction              Tloc           20%        N/A       100%        8
 Infestation              Necr           20%        N/A       100%        8
 Maxwell's Capacitive Co  Air            18%        ∞         100%        8
 Necromutation            Tmut/Necr      19%        N/A       100%        8
 Summon Horrible Things   Summ           22%        N/A       100%        8
 Fire Storm               Conj/Fire      37%        8d9       100%        9
 Sublimation of Blood     Necr           Unusable   N/A       N/A         2

Dungeon Overview and Level Annotations

Branches:
Dungeon (15/15)            Temple (1/1) D:6            Lair (5/5) D:10
  Swamp (4/4) Lair:3       Spider (4/4) Lair:3        Slime (0/5) Lair:4
    Orc (2/2) D:9             Elf (2/3) Orc:2        Vaults (0/5) D:13
 Depths (3/4) D:15          Sewer (visited)         Volcano (visited)
Desolation (1/1)

Altars:
Ashenzari
Cheibriados
Dithmenos
Elyvilon
Fedhas
Gozag
Hepliaklqana
Kikubaaqudgha
Makhleb
Nemelex Xobeh
Okawaru
Qazlal
Ru
Sif Muna
Trog
Uskayaw
Vehumet
Wu Jian
Xom
Yredelemnul
Zin
The Shining One
Jiyva

Shops:
D:1 ?   D:2 =([![   D:10 (   D:13 =   D:14 (   Orc:2 :![[   Depths:1 *

Portals:
Hell: Depths:1
Abyss: Depths:2 Depths:3

Annotations:
D:14 2 transporters, Cofimnas's ghost, journeyman FoFi
Elf:2 exclusion: 3 doors


Innate Abilities, Weirdness & Mutations

You are immune to sickness and miasma.
Your stone body is resilient. (AC +16)
You are immune to poison.
Your large and strong wings let you fly.
You resist negative energy. (rN+)
You are resistant to electric shocks. (rElec)
You are resistant to unholy torment.
You are immune to petrification.
Your body sometimes deteriorates upon taking damage.
You are dopey. (Int -2)


Message History

The crystal guardian completely resists.
The crystal guardian is heavily damaged.
The fireball engulfs you. You resist.
The fireball engulfs the ragged hierophant!!
The ragged hierophant is severely wounded.
The fireball engulfs the servant of whispers!
The servant of whispers is severely wounded.
The fireball engulfs the saltling!!
The saltling is severely damaged.
Your battlesphere fires!
The barrage of energy hits the servant of whispers!
The servant of whispers is almost dead.
You block the crystal guardian's attack.
The saltling hits you.
The ragged hierophant hits your mature weirdbat beast with a +0 long sword!
Unknown command.
Aiming: Stone Arrow (safe; 1% risk of failure)
Press: ? - help, Q - select action, (/) - cycle Shift-Dir - straight line, f/p - ragged hierophant
Aim: a ragged hierophant, wielding a +0 long sword and wearing a +0 robe (severely wounded, 78% to hit)
The stone arrow hits the crystal guardian!
The crystal guardian is severely damaged.
The saltling no longer looks unusually strong.
Your battlesphere fires!
The barrage of energy hits the servant of whispers.
The servant of whispers is almost dead.
Your mature weirdbat beast hits the crystal guardian but does no damage.
The saltling closely misses you.
The crystal guardian fires a crystalline bolt at you.
The crystal bolt freezes you!!
You feel a terrible chill!
The servant of whispers invokes the aid of its god against you.
The bolt of lightning is repelled.
The ragged hierophant points at you and mumbles some strange words.
A blast of power from the earth and the adjacent constructs strikes you!
* * * LOW HITPOINT WARNING * * *
Casting: Stone Arrow (safe; 1% risk of failure)
Confirm with . or Enter, or press ? or * to list all spells.
You blink.
The crystal guardian fires a crystalline bolt at you.
The crystal bolt freezes you!!!
You feel a terrible chill!
You die...

#####....§§♣...§...
#####.....♣§.§§§...
#####.....§♣§§§§...
######..aH..♣§§...
######..*9a.§§§P... .
#######.....§♣§§§.♣♣..
########..9...§§♣a....
########..............
##########....@.......
##############........
######################
#####################
###############
###############
###############


You could see 2 ragged hierophants, a servant of whispers, a crystal guardian
(sheltered, ally target), a saltling (sheltered), a friendly mature weirdbat
beast (summoned) and a friendly battlesphere.

Vanquished Creatures
  Mara (Swamp:4)
  Mlioglotl (Spider:1)
  Asterion (Spider:2)
  Frances (Swamp:1)
  2 tentacled starspawn (Abyss:2)
  A deep elf sorcerer (Elf:2)
  7 ghost moths
  A fire giant (Depths:1)
  2 imperial myrmidons (Desolation)
  3 emperor scorpions
  Louise (D:15)
  4 frost giants
  A vampire knight (Depths:1)
  3 broodmothers
  3 stone giants
  3 eleionomae
  A deep elf demonologist (Elf:1)
  A halazid warlock (Desolation)
  Azrael (Elf:1)
  A dire elephant (Lair:5)
  8 bunyips
  5 spark wasps
  Josephine (D:13)
  2 ettins
  2 jiangshi
  4 fire dragons
  An ettin (shapeshifter) (Elf:2)
  5 ragged hierophants (Desolation)
  6 entropy weavers
  Erolcha (Orc:2)
  3 rakshasas
  A ghost crab (Spider:2)
  A yaktaur captain (D:13)
  22 hydras
  6 peacekeepers
  3 servants of whispers (Desolation)
  3 ogre magi
  3 radroaches
  A catoblepas (Lair:5)
  5 centaur warriors
  7 boulder beetles
  12 dancing weapons
  3 deep troll shamans
  15 two-headed ogres
  2 death knights
  An alligator (shapeshifter) (D:13)
  10 alligators
  3 tengu warriors
  6 death yaks (Lair:5)
  A deep troll earth mage (Depths:1)
  2 vampire magi
  2 thrashing horrors (Abyss:2)
  Nergalle (Orc:2)
  A spriggan berserker (Swamp:2)
  A sun demon (Depths:1)
  10 spriggans
  8 deep elf knights
  3 skysharks
  7 skeletal warriors
  The ghost of patfeehan111222 the Cleaver, a novice MiBe of Trog (D:8)
  2 iron trolls (Depths:1)
  Amaemon (Lair:2)
  3 sun moths
  7 goliath frogs
  A bunyip zombie (Abyss:2)
  6 pharaoh ants
  2 deep trolls (Depths:1)
  5 bog bodies
  A shadow demon (Abyss:2)
  15 orb spiders
  8 deep elf archers
  6 spriggan druids
  2 flayed ghosts (Depths:1)
  Pikel (D:7)
  4 ironbound convokers (Desolation)
  16 deep elf pyromancers
  3 steelbarb worms
  9 swamp dragons
  3 lindwurms (Swamp:4)
  2 orc knights (Orc:2)
  13 deep elf zephyrmancers
  2 wizards
  3 salamanders (Volcano)
  10 orc sorcerers
  29 wolf spiders
  23 ugly things
  4 manticores
  3 guardian serpents (Desolation)
  5 demonic crawlers (Spider:1)
  9 cyclopes
  8 will-o-the-wisps
  29 elephants
  2 moths of wrath
  12 black mambas
  4 torpor snails
  An orange demon (Lair:2)
  3 unseen horrors
  4 gargoyles
  11 cane toads
  Maggie (D:10)
  2 yaktaurs (D:13)
  A freezing wraith (D:14)
  22 komodo dragons
  2 kobold demonologists
  4 rime drakes
  An efreet (D:13)
  An ice devil (Depths:2)
  2 tengu conjurers
  A bloated husk (Swamp:2)
  2 meliai
  2 polar bears
  5 trolls
  A queen bee (shapeshifter) (D:13)
  8 tyrant leeches
  38 saltlings (Desolation)
  37 tarantellas
  7 hornets
  Prince Ribbit (D:8)
  9 blink frogs
  14 dream sheep
  2 large abominations (Abyss:2)
  38 jumping spiders
  6 slime creatures
  A shadow (D:11)
  Sigmund (D:3)
  A centaur simulacrum (D:14)
  2 air elementals
  21 culicivoras
  3 vampires
  8 wraiths
  12 wyverns
  69 yaks
  13 fire bats
  3 fire elementals (Elf:1)
  A steam dragon (shapeshifter) (Elf:1)
  62 redbacks
  7 basilisks
  A chaos spawn (Abyss:2)
  A neqoxec (Abyss:2)
  2 steam dragons
  12 vampire mosquitoes
  21 swamp worms
  2 hell hounds (Elf:1)
  12 water moccasins
  9 swamp drakes
  14 orc warriors
  3 sky beasts (D:7)
  2 ice beasts
  8 black bears
  12 ogres
  19 wolves
  A boggart (D:13)
  An ogre (shapeshifter) (D:15)
  3 phantoms (D:6)
  20 centaurs
  3 lemures (D:7)
  A small abomination (Depths:1)
  A gnoll sergeant (D:10)
  7 kobold brigands
  Blork the orc (D:5)
  15 bullfrogs
  3 scorpions
  3 earth elementals
  4 wights (D:10)
  10 killer bees
  A howler monkey (D:13)
  A nameless horror (Spider:2)
  An electric eel (Lair:2)
  A lava snake (D:12)
  5 hounds
  6 orc priests
  4 jellies (D:8)
  3 iguanas
  A sleepcap (D:8)
  27 orc wizards
  Ijyb (D:3)
  A hell rat (Lair:2)
  A boggart simulacrum (D:14)
  Robin (D:2)
  4 gnolls (D:10)
  10 adders
  2 shadow imps
  2 white imps
  An ufetubus (D:6)
  3 worms
  3 dart slugs (D:1)
  61 orcs
  15 bats
  9 endoplasms
  4 giant cockroaches
  10 hobgoblins
  6 quokkas
  5 ball pythons
  4 frilled lizards
  15 goblins
  23 kobolds
  5 rats
  2 bushes (Lair:2)
  A lurking horror (Abyss:2)
  2 starspawn tentacles (Abyss:2)
1333 creatures vanquished.

Vanquished Creatures (collateral kills)
  A crystal guardian (Desolation)
  A ragged hierophant (Desolation)
  2 peacekeepers (Desolation)
  3 orb spiders (Spider:4)
  A deep elf pyromancer (Elf:1)
  A guardian serpent (Desolation)
  A tarantella (Spider:1)
  8 saltlings (Desolation)
  A redback (Spider:4)
19 creatures vanquished.

Vanquished Creatures (others)
  Jorgrun (Elf:1)
  A peacekeeper (Desolation)
  A deep elf pyromancer (Elf:1)
  A hornet (Swamp:3)
  A bloated husk (Swamp:1)
  2 tarantellas (Spider:4)
  3 tyrant leeches (Spider:2)
  A jumping spider (Spider:2)
  A culicivora (Spider:4)
  A redback (Spider:4)
  2 fire vortices (Elf:1)
  105 foxfires
  16 fungi
  124 plants
  5 starspawn tentacles (Abyss:2)
265 creatures vanquished.

Grand Total: 1617 creatures vanquished

Notes
Turn   | Place    | Note
-------+----------+-------------------------------------------
     0 | D:1      | ICEMaiden the Gargoyle Earth Elementalist began the quest
                  | for the Orb.
     0 | D:1      | Reached XP level 1. HP: 10/10 MP: 3/3
   261 | D:1      | Reached XP level 2. HP: 9/16 MP: 3/5
   487 | D:1      | Found Vobeff's Magic Scroll Shop.
   497 | D:1      | Bought a scroll of teleportation for 39 gold pieces
   510 | D:1      | Reached skill level 1 in Transmutations
   629 | D:1      | Reached skill level 1 in Fighting
   841 | D:1      | Reached XP level 3. HP: 20/20 MP: 3/6
  1052 | D:2      | Found Xeraenn's Distillery.
  1213 | D:2      | Identified the ring "Push" {MP+9 Int+2}
  1378 | D:2      | Learned a level 2 spell: Passwall
  1382 | D:2      | Learned a level 3 spell: Stone Arrow
  1407 | D:2      | Reached XP level 4. HP: 25/25 MP: 7/7
  1408 | D:2      | Found Suff's Armour Shoppe.
  1488 | D:2      | Found Obatz's Jewellery Boutique.
  1620 | D:2      | Reached skill level 1 in Conjurations
  1681 | D:2      | Found Goyllusty's Antique Weapon Shoppe.
  1870 | D:2      | Found Qeekif's Armour Emporium.
  2106 | D:3      | Found a faded altar of an unknown god.
  2283 | D:3      | Noticed Ijyb
  2304 | D:3      | Noticed Robin
  2304 | D:3      | Noticed Sigmund
  2518 | D:3      | Killed Sigmund
  2519 | D:3      | Reached skill level 2 in Fighting
  2519 | D:3      | Reached skill level 1 in Armour
  2519 | D:3      | Reached skill level 1 in Shields
  2519 | D:3      | Reached XP level 5. HP: 30/31 MP: 8/8
  2519 | D:3      | Reached XP level 6. HP: 35/36 MP: 9/9
  2564 | D:1      | Bought a scroll of identify for 26 gold pieces
  2670 | D:2      | Killed Robin
  3010 | D:3      | Killed Ijyb
  3162 | D:4      | Found an iron altar of Okawaru.
  3200 | D:4      | Reached skill level 3 in Fighting
  3213 | D:4      | Reached XP level 7. HP: 41/41 MP: 9/10
  3298 | D:4      | Found a glowing drain.
  3314 | Sewer    | Entered a sewer
  3386 | Sewer    | Reached skill level 5 in Earth Magic
  4591 | D:5      | Entered Level 5 of the Dungeon
  4665 | D:5      | Reached XP level 8. HP: 30/48 MP: 3/12
  4672 | D:5      | Reached skill level 4 in Fighting
  5174 | D:5      | Noticed Blork the orc
  5180 | D:5      | Killed Blork the orc
  5201 | D:5      | Learned a level 2 spell: Blink
  5601 | D:6      | Found a sparkling altar of Nemelex Xobeh.
  5666 | D:6      | Found a stormy altar of Qazlal.
  5687 | D:6      | Reached skill level 1 in Translocations
  5726 | D:6      | Reached XP level 9. HP: 52/53 MP: 14/14
  6101 | D:6      | Reached skill level 5 in Fighting
  6154 | D:6      | Found a staircase to the Ecumenical Temple.
  6161 | Temple   | Entered the Ecumenical Temple
  6278 | Temple   | Became a worshipper of Sif Muna the Loreminder
  6384 | D:6      | Found a shimmering altar of Xom.
  6774 | D:7      | Found a sacrificial altar of Ru.
  7175 | D:7      | Noticed Pikel
  7481 | D:7      | Killed Pikel
  7694 | D:8      | Reached skill level 6 in Fighting
  7694 | D:8      | Reached skill level 5 in Stealth
  7791 | D:8      | Noticed Prince Ribbit
  7867 | D:8      | Reached XP level 10. HP: 60/60 MP: 12/16
  7879 | D:8      | Reached skill level 5 in Dodging
  7879 | D:8      | Reached skill level 1 in Invocations
  8329 | D:8      | Reached skill level 1 in Fire Magic
  8650 | D:8      | Reached * piety under Sif Muna
  8757 | D:8      | Found a runed translucent gate.
  8757 | D:8      | Found a runed translucent gate.
  8757 | D:8      | Found a runed translucent gate.
  8757 | D:8      | Noticed patfeehan111222's ghost (novice MiBe)
  8920 | D:8      | Noticed a two-headed ogre
  8925 | D:8      | Killed a two-headed ogre
  9285 | D:8      | Found a viscous altar of Jiyva.
  9660 | D:9      | Noticed a skeletal warrior
  9854 | D:9      | HP: 3/61 [orc warrior/+0 hand axe (12)]
  9866 | D:8      | Reached skill level 7 in Fighting
 10270 | D:2      | Bought a +2 cloak of preservation for 215 gold pieces
 10343 | D:1      | Bought a scroll of teleportation for 39 gold pieces
 10512 | D:9      | Found a staircase to the Orcish Mines.
 10563 | D:9      | Reached XP level 11. HP: 64/67 MP: 17/17
 10621 | D:9      | Found a hazy altar of Hepliaklqana.
 10627 | D:9      | Noticed a skeletal warrior
 10889 | D:9      | Noticed a skeletal warrior
 10903 | D:9      | Killed a skeletal warrior
 11129 | D:8      | Killed Prince Ribbit
 11256 | D:10     | Entered Level 10 of the Dungeon
 11258 | D:10     | Noticed Maggie
 11264 | D:10     | Killed Maggie
 11266 | D:10     | Noticed a six-headed hydra
 11446 | D:10     | Found Cuhesk's Hydra Hut.
 11507 | D:10     | Reached ** piety under Sif Muna
 11510 | D:10     | Reached skill level 5 in Armour
 11582 | D:10     | Reached skill level 5 in Shields
 11582 | D:10     | Reached skill level 5 in Conjurations
 11587 | D:10     | Reached skill level 5 in Spellcasting
 11720 | D:10     | Found a staircase to the Lair.
 12034 | D:10     | Found a burning altar of Makhleb.
 12043 | D:10     | Found a snail-covered altar of Cheibriados.
 12153 | D:10     | Reached skill level 8 in Fighting
 12824 | D:11     | Noticed a two-headed ogre
 12842 | D:11     | Killed a two-headed ogre
 12843 | D:11     | Reached XP level 12. HP: 74/75 MP: 13/19
 13218 | D:11     | Noticed a two-headed ogre
 13414 | D:11     | Killed a two-headed ogre
 13513 | D:11     | Reached skill level 1 in Evocations
 13789 | D:11     | Noticed a two-headed ogre
 13811 | D:11     | Killed a two-headed ogre
 14087 | D:11     | Learned a level 1 spell: Foxfire
 14649 | Lair:1   | Entered Level 1 of the Lair of Beasts
 15441 | Lair:1   | Reached skill level 9 in Fighting
 16465 | Lair:2   | Noticed a five-headed hydra
 16651 | Lair:2   | Reached *** piety under Sif Muna
 16753 | Lair:2   | Noticed a six-headed hydra
 16770 | Lair:2   | Killed a six-headed hydra
 16772 | Lair:2   | Reached XP level 13. HP: 64/80 MP: 13/21
 17052 | Lair:2   | Reached skill level 5 in Invocations
 17642 | Lair:2   | Reached skill level 10 in Fighting
 17868 | Lair:2   | Identified the ring of Perfectionism {Fire rPois Will- MP+9
                  | Int+3}
 17966 | Lair:2   | Learned a level 5 spell: Fireball
 18179 | Lair:2   | Noticed Amaemon
 18187 | Lair:2   | Killed Amaemon
 18190 | Lair:2   | Reached **** piety under Sif Muna
 18736 | Lair:3   | Found a hole to the Spider Nest.
 18804 | Lair:3   | Reached skill level 5 in Fire Magic
 18959 | Lair:3   | Reached skill level 1 in Maces & Flails
 19484 | Lair:3   | Gained mutation: Your large and strong wings let you fly.
                  | [Gargoyle growth]
 19484 | Lair:3   | Reached XP level 14. HP: 39/88 MP: 23/23
 19659 | Lair:3   | Found a staircase to the Swamp.
 19984 | Lair:3   | You are sucked into a shaft and drop 1 floor!
 20978 | D:2      | Bought a potion of curing for 39 gold pieces
 20978 | D:2      | Bought a potion of brilliance for 52 gold pieces
 20978 | D:2      | Bought a potion of curing for 39 gold pieces
 20995 | D:1      | Bought a scroll of identify for 26 gold pieces
 20995 | D:1      | Bought a scroll of identify for 26 gold pieces
 20995 | D:1      | Bought a scroll of poison for 52 gold pieces
 20995 | D:1      | Bought a scroll of identify for 26 gold pieces
 20995 | D:1      | Bought a scroll of amnesia for 52 gold pieces
 20995 | D:1      | Bought a scroll of identify for 26 gold pieces
 20998 | D:1      | Reached XP level 15. HP: 93/93 MP: 25/25
 21380 | Lair:4   | Found a viscous altar of Jiyva.
 21380 | Lair:4   | Found a staircase to the Slime Pits.
 22528 | Lair:4   | Identified a scroll of acquirement
 22740 | Lair:5   | Entered Level 5 of the Lair of Beasts
 22941 | Lair:4   | Learned a level 4 spell: Dispel Undead
 23246 | Lair:5   | Reached ***** piety under Sif Muna
 23249 | Lair:5   | Reached skill level 11 in Fighting
 23259 | Lair:5   | Reached skill level 1 in Necromancy
 23267 | Lair:5   | Reached skill level 1 in Summonings
 24617 | Orc:1    | Entered Level 1 of the Orcish Mines
 25332 | Orc:2    | Entered Level 2 of the Orcish Mines
 25359 | Orc:2    | Found a dark tunnel.
 25392 | Volcano  | Entered a volcano
 25730 | Volcano  | Reached XP level 16. HP: 97/100 MP: 26/26
 25769 | Volcano  | Reached skill level 5 in Translocations
 25807 | Volcano  | Reached skill level 10 in Earth Magic
 26379 | Volcano  | Received a gift from Sif Muna
 26380 | Volcano  | Got Sif Muna's Parchment of Conjuration {god gift}
 26389 | Volcano  | Learned a level 6 spell: Iron Shot
 27044 | Orc:2    | Found a staircase to the Elven Halls.
 27518 | Orc:2    | Found a radiant altar of Vehumet.
 27519 | Orc:2    | Noticed Erolcha
 27636 | Orc:2    | Killed Erolcha
 27844 | Orc:2    | Found Anait's Antique Armour Boutique.
 27854 | Orc:2    | Found an ancient bone altar of Kikubaaqudgha.
 27854 | Orc:2    | Noticed Nergalle
 27864 | Orc:2    | Killed Nergalle
 27921 | Orc:2    | Found Kaihasin's Book Shop.
 28614 | Orc:2    | Found Ulyli's Distillery.
 28633 | Orc:2    | Found Elimegil's Antique Armour Shop.
 28740 | Orc:2    | Bought a potion of brilliance for 68 gold pieces
 28740 | Orc:2    | Bought a potion of cancellation for 136 gold pieces
 28740 | Orc:2    | Bought a potion of heal wounds for 85 gold pieces
 28740 | Orc:2    | Bought a potion of brilliance for 68 gold pieces
 28740 | Orc:2    | Bought a potion of heal wounds for 85 gold pieces
 28780 | Orc:2    | Bought a pair of glowing gloves for 165 gold pieces
 28950 | Orc:2    | Bought a pair of runed gloves for 180 gold pieces
 29174 | D:2      | Bought a +0 pair of boots of rampaging for 115 gold pieces
 29213 | D:3      | Learned a level 3 spell: Mephitic Cloud
 29378 | D:8      | Killed patfeehan111222's ghost
 29802 | D:11     | Reached skill level 1 in Poison Magic
 31329 | D:12     | Reached skill level 5 in Transmutations
 31473 | D:12     | Reached skill level 1 in Air Magic
 31685 | D:13     | Acquired 754 gold pieces
 31874 | D:13     | Received a gift from Sif Muna
 31885 | D:13     | Got Sif Muna's Grimoire of Untold Secrets {god gift}
 32255 | D:13     | Noticed Josephine
 32268 | D:13     | Killed Josephine
 32364 | D:13     | Found Unakenar's Jewellery Boutique.
 33034 | D:13     | Found a gate to the Vaults.
 33382 | D:14     | Found Veohaxku's Weapon Emporium.
 33495 | D:14     | Found a broken altar of Ashenzari.
 33897 | D:14     | Found a transporter.
 33901 | D:14     | Noticed Cofimnas's ghost (journeyman FoFi)
 33957 | D:14     | Found a transporter.
 34190 | D:15     | Entered Level 15 of the Dungeon
 34586 | D:15     | Reached skill level 12 in Fighting
 34600 | D:15     | Reached XP level 17. HP: 104/106 MP: 13/28
 35153 | D:15     | Found a staircase to the Depths.
 35575 | D:15     | Noticed Louise
 35592 | D:15     | Killed Louise
 35676 | D:15     | Learned a level 3 spell: Call Canine Familiar
 35751 | D:15     | Upgraded the game from 0.30-a0-870-gc5d4c5acee to
                  | 0.30-a0-913-g9934a0ce24
 37071 | Spider:1 | Entered Level 1 of the Spider Nest
 37418 | Spider:1 | Reached skill level 5 in Evocations
 38637 | Spider:1 | Reached skill level 10 in Stealth
 38865 | Spider:2 | Received a gift from Sif Muna
 38877 | Spider:1 | Learned a level 3 spell: Swiftness
 38933 | Spider:2 | Noticed Mlioglotl
 39526 | Spider:1 | Killed Mlioglotl
 40283 | Spider:2 | Reached XP level 18. HP: 54/113 MP: 1/29
 40343 | Spider:2 | Noticed Asterion
 41334 | Spider:3 | Reached skill level 1 in Ice Magic
 41591 | Spider:3 | Reached skill level 13 in Fighting
 42278 | Spider:4 | Entered Level 4 of the Spider Nest
 42600 | Spider:4 | Learned a level 3 spell: Frozen Ramparts
 42885 | Spider:4 | Reached skill level 10 in Maces & Flails
 43964 | Spider:4 | Received a gift from Sif Muna
 43966 | Spider:4 | Got Sif Muna's Atlas of the Cemetery and the Legion {god
                  | gift}
 45536 | Spider:4 | Identified the +0 hat "Wos Raim" {Dex+2}
 45539 | Spider:4 | Got a gossamer rune of Zot
 45619 | Spider:4 | Got the Compilation of the Curse and Shades
 45857 | Spider:2 | Killed Asterion
 46098 | Swamp:1  | Entered Level 1 of the Swamp
 46305 | Swamp:1  | Reached skill level 5 in Summonings
 46389 | Swamp:1  | Reached XP level 19. HP: 119/120 MP: 31/31
 46468 | Swamp:1  | Noticed Frances
 46481 | Swamp:1  | Killed Frances
 48091 | Swamp:2  | Reached skill level 10 in Conjurations
 48449 | Swamp:3  | Received a gift from Sif Muna
 48450 | Swamp:3  | Got Sif Muna's Commentary on Airy Destruction {god gift}
 48809 | Swamp:3  | Reached skill level 5 in Poison Magic
 48864 | Swamp:3  | Reached skill level 10 in Dodging
 49588 | Swamp:4  | Entered Level 4 of the Swamp
 49675 | Swamp:4  | Noticed Mara
 49679 | Swamp:4  | Noticed ICEMaiden's illusion
 49760 | Swamp:4  | Noticed ICEMaiden's illusion
 49780 | Swamp:4  | Killed Mara
 50274 | Swamp:4  | Reached skill level 10 in Invocations
 50287 | Swamp:4  | Learned a level 5 spell: Iskenderun's Battlesphere
 51179 | Swamp:4  | Got a decaying rune of Zot
 52272 | D:13     | Reached skill level 14 in Fighting
 52272 | D:13     | Reached skill level 5 in Ice Magic
 52309 | D:13     | Received a gift from Sif Muna
 52310 | D:13     | Got Sif Muna's Performing Successful Spellwork {god gift}
 53069 | Depths:1 | Entered Level 1 of the Depths
 53613 | Depths:1 | Reached skill level 5 in Necromancy
 53613 | Depths:1 | Reached XP level 20. HP: 127/127 MP: 20/32
 53782 | Abyss:2  | Cast into level 2 of the Abyss (a wizard)
 54209 | Abyss:2  | Identified the +0 robe "Dipoef" {rPois Regen+ rCorr Str+4
                  | Stlth-}
 54218 | Abyss:2  | Noticed a bone dragon
 54260 | Depths:1 | Escaped the Abyss
 54921 | D:15     | Upgraded the game from 0.30-a0-913-g9934a0ce24 to
                  | 0.30-a0-924-g0ad0bf95bc
 54925 | D:15     | Learned a level 3 spell: Ozocubu's Armour
 55943 | Depths:1 | Found Lamu's Blood Bar.
 56240 | Depths:1 | Found a gateway to Hell.
 56547 | Depths:2 | Received a gift from Sif Muna
 56550 | Depths:2 | Got Sif Muna's Octavo of the Stormy Figure {god gift}
 56556 | Depths:2 | Gained mutation: You are dopey. (Int -2) [a neqoxec]
 56557 | Depths:2 | Gained mutation: Your body sometimes deteriorates upon
                  | taking damage. [a neqoxec]
 56580 | Depths:3 | Found a one-way gate to the infinite horrors of the Abyss.
 57339 | Elf:1    | Entered Level 1 of the Elven Halls
 57363 | Elf:1    | Reached skill level 5 in Air Magic
 58509 | Elf:1    | Noticed Jorgrun
 58520 | Elf:1    | Killed Jorgrun
 58698 | Elf:1    | Paralysed by an air elemental for 1 turns
 59088 | Elf:1    | Noticed Azrael
 59111 | Elf:1    | Killed Azrael
 59709 | Elf:2    | Found a crumbling gateway.
 59710 | Elf:2    | Paralysed by an air elemental for 1 turns
 59729 | Desolati | Entered the Desolation of Salt
 60101 | Desolati | Reached XP level 21. HP: 128/132 MP: 34/34
 60215 | Desolati | Identified the +9 shortbow of Plunder {speed, rElec rCorr
                  | MP+9 Int-3}
 60717 | Desolati | Got the Handbook of Electricity and Company
 60721 | Desolati | Identified the ring "Ummeg" {rElec rF+ rC+ Dex+6}
 60982 | Desolati | Killed from afar by a crystal guardian

Illustrated notes

Levels and vault maps discovered:
D:1:      psy_arrival_statuary, layout_rooms, serial_shops,
          nicolae_diamond_shop, kennysheep_minor_cross, chequers_avenue,
          corexii_hall_statues_x, chequers_serial_rivers_micro_e
D:2:      layout_loops_ring, serial_shops, nicolae_lakefront_shop,
          nicolae_shop_waterfront, nicolae_shop_temple_entry_statues_fountains,
          nicolae_shop_statue_plus, shop, minmay_tetromino_t2
D:3:      layout_loops_ring, shapermc_ecumenical_altar_mp_highgroup,
          uniq_sigmund, uniq_robin, uniq_ijyb
D:4:      layout_loops_cross, mainiacjoe_overflow_catwalk, portal_sewer_entry_f
D:5:      layout_basic, uniq_blork_the_orc
D:6:      nicolae_cairo_tiling, layout_basic, nemelex_spade_bored_becter,
          kennysheep_mini, mainiacjoe_overflow_alcove_4,
          minmay_temple_entry_drinking_statues
D:7:      layout_gridville, nicolae_ru_awakened_eye, uniq_pikel
D:8:      layout_loops_corners, gammafunk_ghost_ooze, grunt_ministairs_8,
          uniq_prince_ribbit1
D:9:      layout_loops_ring, mainiacjoe_overflow_concentric_impassable,
          orc_0_dummy, nrook_pool_corridor
D:10:     layout_basic, mainiacjoe_overflow_swirl, minmay_lair_entry_grove,
          doesnt_shop_hydraphobe, uniq_maggie
D:11:     layout_gridville
D:12:     layout_loops_cross, kennysheep_doodads
D:13:     minmay_isolated_rectangles_in_corner, layout_grid_maze,
          david_vaults_2, serial_shops, nicolae_shop_behind_doors,
          grunt_ministairs_13, uniq_josephine
D:14:     layout_irregular_city, evilmike_ruin_ashenzari, gammafunk_ghost_arena,
          serial_shops, nicolae_shop_bloodbath_and_beyond
D:15:     grunt_enter_depths_snipers, layout_gridville, st_stairs_2,
          grunt_ministairs_13, uniq_louise
Temple:   zaba_magenta_temple
Lair:1:   layout_hall_layers, grunt_megastairs_3
Lair:2:   nzn_winding_woodlands_huge [nzn_winding_woodlands_5x15_sawtooth,
          nzn_winding_woodlands_5x15_lazy_stream,
          nzn_winding_woodlands_5x15_pathside_ponds,
          nzn_winding_woodlands_5x15_crooked, nzn_winding_woodlands_5x15_cabin,
          nzn_winding_woodlands_5x15_longhouse,
          nzn_winding_woodlands_5x15_split_checker,
          nzn_winding_woodlands_5x15_garden, nzn_winding_woodlands_5x15_pockets,
          nzn_winding_woodlands_5x15_zeroes,
          nzn_winding_woodlands_center_triple_pond,
          nzn_winding_woodlands_center_pierced_h,
          nzn_winding_woodlands_15x15_boxy_spiral], layout_cave_shapes,
          serial_forest, infiniplex_forest_lined_2,
          infiniplex_forest_straight_5, infiniplex_forest_lined_room_3,
          infiniplex_forest_clump_curved, infiniplex_forest_clump_small,
          infiniplex_forest_straight_5, uniq_amaemon
Lair:3:   layout_layer_cave, skrybe_swamp_entry_bodies, spider_nest_entry_rubble
Lair:4:   layout_small_grid, slime_entry_1, hangedman_lair_generics_rect,
          infiniplex_staircase_pool_2, grunt_megastairs_2, lemuel_fruit_tree
Lair:5:   grunt_lair_end_beastmaster, layout_misc_corridors
Swamp:1:  layout_basic_swamp, evilmike_swamp_ruin_wall, uniq_frances
Swamp:2:  cheibrodos_swamp_heart_of_darkness, layout_basic_swamp,
          hangedman_swamp_ruin_wall, swamp_pool2, nicolae_swamp_wisp_ring_woods
Swamp:3:  nicolae_swamp_decorative_isthmus, layout_falls_marsh,
          evilmike_swamp_ruin_rubble_1, swamp_pool5, infiniplex_staircase_pool
Swamp:4:  swamp_alternative, layout_basic_swamp, swamp_pool5, uniq_mara
Spider:1: layout_spider_delve
Spider:2: layout_spider_delve, nicolae_spider_swamp_cousins, uniq_asterion,
          uniq_mlioglotl
Spider:3: layout_spider_delve
Spider:4: grunt_spider_rune_parallel
Orc:1:    layout_caves
Orc:2:    kennysheep_orc_mage_school, layout_diamond_mine,
          nicolae_volcano_entry_batcave, special_room, nicolae_orc_bridge_out
Elf:1:    eino_elf_arrival_customs, layout_gridlike, minivault_28,
          lemuel_upstairs_altar, uniq_jorgrun, uniq_azrael
Elf:2:    nicolae_elf_blades_crystal_corner, layout_loops_ring,
          portal_desolation_entry_twin_temple
Depths:1: layout_gridlike, kennysheep_flooded_box, hangedman_geh_valley,
          guppyfry_shop_blood
Depths:2: lemuel_minitomb, layout_twisted_cross, abyss_entry, hex_tiny,
          pf_hell_entry_tar_river, grunt_pan_entry_spiral, serial_bayou_shore_b,
          infiniplex_staircase_trident, minmay_shop_star
Depths:3: minmay_quantized_circle, layout_cave_shapes, abyss_entry,
          chequers_serial_rivers_small_a, hell_entry,
          grunt_pan_entry_in_and_out, nicolae_wu_jian_immortal_techniques,
          infiniplex_staircase_pillars_3a
Desolation

Skill      XL: |  1  2  3  4  5  6  7  8  9 10 11 12 13 14 15 16 17 18 19 20 21 |
---------------+----------------------------------------------------------------+-----
Transmutations | 1 2 3 4 5 |  5.0
Fighting       | 1 2 3 4 6 7 8 9 10 11 12 13 14 | 14.9
Dodging        | 2 3 4 5 6 7 8 9 10 | 10.5
Earth Magic    | 4 5 6 7 8 9 10 11 12 13 | 13.3
Conjurations   | 1 2 3 4 5 6 7 8 9 10 11 | 11.3
Armour         | 1 2 3 4 5 6 |  6.3
Shields        | 1 2 3 4 5 6 7 8 9 |  9.3
Stealth        | 3 4 5 6 7 8 9 10 11 | 11.8
Spellcasting   | 3 4 5 6 7 8 9 |  9.3
Translocations | 1 2 3 4 5 6 |  6.0
Invocations    | 2 3 4 5 6 7 8 9 10 | 10.9
Fire Magic     | 1 3 4 5 6 7 8 |  8.0
Evocations     | 2 3 4 5 6 7 |  7.0
Maces & Flails | 1 6 7 8 9 10 11 12 | 12.0
Necromancy     | 1 2 3 4 5 |  5.9
Summonings     | 1 3 4 5 6 |  6.5
Poison Magic   | 2 3 4 5 |  5.0
Air Magic      | 2 3 4 5 |  5.0
Ice Magic      | 3 5 6 7 |  7.3

Action                     |  1- 3 |  4- 6 |  7- 9 | 10-12 | 13-15 | 16-18 | 19-21 || total
---------------------------+-------+-------+-------+-------+-------+-------+-------++-------
  Melee: Whip              |     5 |       |       |       |       |       |       ||     5
         Dagger            |    11 |       |    56 |    63 |       |       |       ||   130
         Spear             |       |    41 |     1 |       |       |       |       ||    42
         Unarmed           |       |    20 |       |       |       |       |       ||    20
         Punch             |       |       |       |     3 |       |       |       ||     3
         Demon whip        |       |       |       |       |    65 |  1219 |   908 ||  2192
         Staff             |       |       |       |       |    34 |    40 |    37 ||   111
  Throw: Dart              |       |       |     2 |       |       |       |       ||     2
   Cast: Sandblast         |    51 |    62 |   190 |   241 |    50 |       |       ||   594
         Stone Arrow       |       |     3 |    16 |   197 |   407 |   639 |   466 ||  1728
         Blink             |       |       |       |    13 |     3 |     8 |    31 ||    55
         Passwall          |       |       |       |     5 |     3 |    12 |     6 ||    26
         Foxfire           |       |       |       |    10 |    24 |       |       ||    34
         Fireball          |       |       |       |       |     7 |    65 |    96 ||   168
         Starburst         |       |       |       |       |     2 |       |       ||     2
         Mephitic Cloud    |       |       |       |       |       |    47 |    10 ||    57
         Call Canine Famil |       |       |       |       |       |     9 |     2 ||    11
         Frozen Ramparts   |       |       |       |       |       |    13 |    19 ||    32
         Swiftness         |       |       |       |       |       |     5 |     1 ||     6
         Iskenderun's Batt |       |       |       |       |       |       |    46 ||    46
         Dispel Undead     |       |       |       |       |       |       |     8 ||     8
         Ozocubu's Armour  |       |       |       |       |       |       |     8 ||     8
         Summon Mana Viper |       |       |       |       |       |       |     1 ||     1
         Fire Storm        |       |       |       |       |       |       |     1 ||     1
         Infestation       |       |       |       |       |       |       |     1 ||     1
 Invoke: Channel Magic     |       |       |       |     5 |     5 |    12 |    14 ||    36
         Divine Exegesis   |       |       |       |       |     2 |     2 |     3 ||     7
  Evoke: Wand              |       |       |     1 |    19 |     1 |     8 |     6 ||    35
         Lightning rod     |       |       |       |       |     4 |       |    12 ||    16
         Condenser vane    |       |       |       |       |       |       |     1 ||     1
         Box of beasts     |       |       |       |       |       |       |     1 ||     1
    Use: Scroll            |       |     6 |     2 |     9 |    16 |    14 |    10 ||    57
         Potion            |       |       |     2 |     3 |     3 |    11 |    13 ||    32
   Stab: Sleeping          |     3 |     5 |     1 |     2 |       |    16 |    11 ||    38
         Invisible         |       |       |       |     2 |       |       |       ||     2
         Confused          |       |       |       |       |       |    31 |     3 ||    34
         Distracted        |       |       |       |       |       |       |     3 ||     3
 Armour: Robe              |     9 |       |       |       |       |    42 |       ||    51
         Leather armour    |     3 |    23 |    88 |    69 |     4 |    57 |       ||   244
         Skin              |       |    10 |       |       |       |       |       ||    10
         Steam dragon scal |       |       |       |    85 |       |       |       ||    85
         Troll leather arm |       |       |       |    89 |   280 |  1159 |   538 ||  2066
  Dodge: Dodged            |    28 |    65 |   126 |   352 |   248 |  1092 |   631 ||  2542
         Repelled          |       |       |       |       |       |       |     9 ||     9
  Block: Kite shield       |       |       |       |       |   183 |  1574 |   847 ||  2604
         Reflection        |       |       |       |       |       |    35 |    48 ||    83

Table legend: (Time is in decaauts)
 A = Elapsed time spent in this place.
 B = Non-inter-level travel time spent in this place.
 C = Inter-level travel time spent in this place.
 D = Time resting spent in this place.
 E = Time spent auto-exploring this place.
 F = Levels seen in this place.
 G = Mean time per level.
                   A        B        C        D        E       F      G
               +--------+--------+--------+--------+--------+-----+--------+
         Total |  60862 |  53995 |   6867 |  11920 |  29905 |  40 | 1521.6 |
       Dungeon |  23795 |  20384 |   3411 |   4195 |  12331 |  15 | 1586.3 |
        Temple |    134 |    117 |     17 |      0 |     50 |   1 |  134.0 |
          Lair |  11675 |  10294 |   1381 |   1868 |   6642 |   5 | 2335.0 |
         Swamp |   4911 |   4531 |    380 |    836 |   2583 |   4 | 1227.8 |
   Spider Nest |   8717 |   7886 |    831 |   2439 |   3334 |   4 | 2179.2 |
  Orcish Mines |   3166 |   2853 |    313 |    381 |   1804 |   2 | 1583.0 |
   Elven Halls |   2377 |   2023 |    354 |    472 |    962 |   2 | 1188.5 |
        Depths |   2571 |   2394 |    177 |    464 |   1296 |   3 |  857.0 |
         Abyss |    467 |    467 |      0 |     29 |    314 |   1 |  467.0 |
         Sewer |    513 |    513 |      0 |    169 |    145 |   1 |  513.0 |
       Volcano |   1293 |   1293 |      0 |    465 |    320 |   1 | 1293.0 |
    Desolation |   1237 |   1237 |      0 |    600 |    123 |   1 | 1237.0 |
               +--------+--------+--------+--------+--------+-----+--------+

Top non-repeatable levels by time:
  Lair:2: 3926 daAuts
Spider:4: 3252 daAuts
Spider:1: 2766 daAuts
     D:8: 2527 daAuts
Depths:1: 2431 daAuts
   Orc:2: 2410 daAuts
    D:13: 2344 daAuts
    D:15: 2276 daAuts
    D:11: 2243 daAuts
   Elf:1: 2202 daAuts
  Lair:3: 2145 daAuts
  Lair:4: 2099 daAuts
  Lair:5: 1954 daAuts
    D:10: 1950 daAuts
 Swamp:2: 1575 daAuts
